 Dungeon Crawl Stone Soup version 0.23-a0-481-g60b89c1 (webtiles) character file.

305 galech the Skirmisher (level 6, 0/48 HPs)
             Began as a Demonspawn Fighter on Nov 29, 2018.
             Slain by an ogre
             ... wielding a +0 giant spiked club
              (14 damage)
             ... on level 4 of the Dungeon.
             The game lasted 00:02:59 (2634 turns).

galech the Skirmisher (Demonspawn Fighter)          Turns: 2634, Time: 00:03:00

Health: 0/48       AC:  8    Str: 22    XL:     6   Next: 15%
Magic:  6/6        EV:  8    Int: 12    God:
Gold:   209        SH:  9    Dex: 14    Spells: 5/5 levels left

rFire    . . .     SeeInvis .   a - +0 war axe
rCold    . . .     Gourm    +   c - +0 shield
rNeg     . . .     Faith    .   b - +0 scale mail
rPois    .         Spirit   .   o - +0 helmet
rElec    .         Reflect  .   (no cloak)
rCorr    .         Harm     .   (no gloves)
MR       .....                  (no boots)
Stlth    ..........             p - amulet of the gourmand
HPRegen  0.16/turn              q - +3 ring of intelligence
MPRegen  0.10/turn              (no ring)

@: mighty
A: foul stench 1, powered by death 1, rot immunity
a: no special abilities


You were on level 4 of the Dungeon.
You were completely stuffed.

You visited 1 branch of the dungeon, and saw 4 of its levels.

You collected 209 gold pieces.

Inventory:

Hand Weapons
 a - a +0 war axe (weapon)
Armour
 b - a +0 scale mail (worn)
 c - a +0 shield (worn)
 o - a +0 helmet (worn)
Jewellery
 p - an amulet of the gourmand (around neck)
 q - a +3 ring of intelligence (left hand)
Wands
 s - a wand of acid (9)
Scrolls
 g - a scroll of noise {unknown}
 h - 5 scrolls of remove curse {unknown}
 j - a scroll of teleportation {unknown}
 k - 3 scrolls of identify {unknown}
 m - a scroll of random uselessness {unknown}
 n - 4 scrolls of amnesia {unknown}
 r - 3 scrolls of fear {unknown}
Potions
 e - 2 potions of heal wounds {unknown}
 i - 3 potions of lignification
 l - a potion of brilliance {unknown}
 t - 2 potions of haste {unknown}
 v - a potion of curing {unknown}
Comestibles
 f - 8 rations
 u - 3 chunks of flesh


   Skills:
 + Level 4.0 Fighting
 + Level 4.0 Axes
 + Level 3.7 Armour
 + Level 1.0 Dodging
 + Level 3.3 Shields


You had 5 spell levels left.
You didn't know any spells.
Your spell library was empty.

Dungeon Overview and Level Annotations

Branches:
Dungeon (4/15)
 Temple: D:4-7

Altars:
Fedhas


Innate Abilities, Weirdness & Mutations

You may emit foul miasma when damaged in melee.
You regenerate a little health from kills.
You are immune to rotting.


Message History

The ogre looks sick.
You are too injured to fight recklessly!
You are too injured to fight recklessly!
You are too injured to fight recklessly!
You are too injured to fight recklessly!
You are too injured to fight recklessly!
You are too injured to fight recklessly!
You are too injured to fight recklessly!
You are too injured to fight recklessly!
You are too injured to fight recklessly!
You are too injured to fight recklessly!
You are too injured to fight recklessly!
You are too injured to fight recklessly!
You feel very mighty all of a sudden.
Your shield and scale mail prevent you from hitting the ogre.
The ogre is moderately wounded.
The ogre hits you with a +0 giant spiked club.
* * * LOW HITPOINT WARNING * * *
The ogre hits you with a +0 giant spiked club!
You die...

#.......#.......# #..
#.##.##.#....)<)# ##.
#. #.##.#....)..# ###
# #.##.#.......# #..
# #.##.#.......###.#
#.##)##.#.....[.....#
#.......##...#.####.#
####.######.##.####.#
#@# #..........#.#
#O# #.##.##.......
#.# # ...<..##.#.#
#.# #..#.##......#
#.. .. # #.##.... ###
# #.####.# #.# #.# #.
..# ###


You could see an ogre.

Vanquished Creatures
  An ogre (D:3)
  A hound (D:4)
  An orc wizard (D:4)
  7 gnolls (D:3)
  2 adders
  3 worms
  2 dart slugs
  2 leopard geckos (D:2)
  6 orcs
  4 ball pythons
  2 bats
  3 giant cockroaches (D:1)
  5 goblins
  5 hobgoblins
  3 jackals (D:3)
  A quokka (D:3)
  8 frilled lizards
  4 kobolds
  6 rats
66 creatures vanquished.

Notes
Turn   | Place    | Note
-------+----------+-------------------------------------------
     0 | D:1      | galech the Demonspawn Fighter began the quest for the Orb.
     0 | D:1      | Reached XP level 1. HP: 18/18 MP: 1/1
   244 | D:1      | Gained mutation: You regenerate a little health from kills.
                  | [demonic ancestry]
   244 | D:1      | Reached XP level 2. HP: 20/24 MP: 2/2
   858 | D:2      | Found a blossoming altar of Fedhas.
   918 | D:2      | Reached XP level 3. HP: 23/29 MP: 3/3
  1556 | D:3      | Noticed an ogre
  1560 | D:3      | Killed an ogre
  1560 | D:3      | Gained mutation: You are immune to rotting. [demonic
                  | ancestry]
  1560 | D:3      | Reached XP level 4. HP: 37/37 MP: 4/4
  1560 | D:3      | Reached XP level 5. HP: 42/42 MP: 5/5
  2367 | D:4      | Gained mutation: You may emit foul miasma when damaged in
                  | melee. [demonic ancestry]
  2367 | D:4      | Reached XP level 6. HP: 48/48 MP: 6/6
  2376 | D:4      | Reached skill level 1 in Dodging
  2634 | D:4      | Slain by an ogre

Vault maps used:
D:1:      minmay_arrival_radiant_lines
D:2:      nicolae_overflow_crystal_walls, first_ration, serial_bayou_pond_b
D:3:      serial_bayou_pond_b, minmay_ruptured
D:4:      old_standard_altar

Skill      XL: |  1  2  3  4  5  6 |
---------------+-------------------+-----
Axes           | 2 3 4 |  4.0
Armour         | 3 |  3.7
Shields        | 3 |  3.3
Fighting       | 4 |  4.0
Dodging        | 1 |  1.0

Action                   |  1- 3 |  4- 6 || total
-------------------------+-------+-------++-------
Melee: War axe           |   137 |    80 ||   217
  Use: Potion            |     1 |     2 ||     3
  Eat: Chunk             |     5 |    10 ||    15
Armor: Scale mail        |    73 |    39 ||   112
       Skin              |       |    16 ||    16
Dodge: Dodged            |    41 |    33 ||    74
Block: Shield            |    66 |    55 ||   121

Table legend:
 A = Non-vault XP
 B = Vault XP
 C = Vault XP percentage of total XP
 D = Non-vault monster count
 E = Vault monster count
 F = Vault count percentage of total count
                 A         B        C        D         E       F
            +---------+---------+-------+---------+---------+-------
      Total |     414 |      22 |   5.0 |      60 |       6 |   9.1
            +---------+---------+-------+---------+---------+-------
        D:1 |      35 |       0 |   0.0 |      21 |       0 |   0.0
        D:2 |      22 |      15 |  40.5 |      10 |       3 |  23.1
        D:3 |     256 |       7 |   2.7 |      21 |       3 |  12.5
        D:4 |     101 |       0 |   0.0 |       8 |       0 |   0.0
            +---------+---------+-------+---------+---------+-------
